 Dungeon Crawl Stone Soup version 0.29.1-15-g9cfb28693d (webtiles) character file.

Game seed: 7624305253602926185

42 fleeber the Shooter (level 3, -1/28 HPs)
             Began as a Barachi Hunter on Mar 16, 2023.
             Slain by Terence
             ... wielding a +0 falchion
              (9 damage)
             ... on level 2 of the Dungeon.
             The game lasted 00:02:02 (994 turns).

fleeber the Shooter (Barachi Hunter)                 Turns: 994, Time: 00:02:03

Health: -1/28      AC:  3    Str: 12    XL:     3   Next: 56%
Magic:  3/3        EV: 12    Int:  9    God:
Gold:   95         SH:  0    Dex: 17    Spells: 2/2 levels left

rFire   . . .      SeeInvis .   a - +0 shortbow
rCold   . . .      Faith    .   (shield currently unavailable)
rNeg    . . .      Spirit   .   c - +0 leather armour
rPois   .          Reflect  .   (no helmet)
rElec   .          Harm     .   (no cloak)
rCorr   .          Rampage  .   (no gloves)
Will    .....                   (no boots)
Stlth   ++........              (no amulet)
HPRegen 0.09/turn               (no ring)
MPRegen 0.08/turn               (no ring)

@: slow
A: amphibious, slowness 1, strong legs 1, +LOS
a: Hop


You were on level 2 of the Dungeon.
You visited 1 branch of the dungeon, and saw 2 of its levels.

You collected 95 gold pieces.

Inventory:

Hand Weapons
 a - a +0 shortbow (weapon)
Armour
 c - a +0 leather armour (worn)
Scrolls
 b - 3 scrolls of immolation
 d - a scroll of enchant armour {unknown}
 e - a scroll of enchant weapon {unknown}
 f - a scroll of teleportation {unknown}
 h - a scroll of blinking {unknown}
 k - a scroll of butterflies {unknown}
 l - a scroll of identify {unknown}
Potions
 g - 2 potions of magic {unknown}
 i - a potion of cancellation {unknown}
 j - a potion of resistance {unknown}


   Skills:
 + Level 2.9 Fighting
 * Level 4.5 Ranged Weapons
 + Level 2.6 Dodging
 + Level 1.5 Stealth


You had 2 spell levels left.
You didn't know any spells.
Your spell library contained the following spells:

 Spells                   Type           Power      Damage    Failure   Level
 Static Discharge         Conj/Air       0%         3-3/arc   61%         2
 Dispel Undead            Necr           0%         3d6       99%         4
 Sticky Flame             Conj/Fire      0%         2d3       99%         4


Dungeon Overview and Level Annotations

Branches:
Dungeon (2/15)

Altars:

Annotations:
D:2 Terence


Innate Abilities, Weirdness & Mutations

You are amphibious.
You cover ground slowly.
You can hop short distances.
You have an extended range of vision and can be seen from far away.


Message History

The arrow hits Terence but does no damage.
Terence is heavily wounded.
Terence hits you with a +0 falchion!
Fire: a) +0 shortbow
Press: ? - help, Q - select action, (/) - cycle Shift-Dir - straight line, f/p - Terence
Aim: Terence, wielding a +0 falchion and wearing a +0 chain mail (heavily wounded, 70% to hit)
You shoot an arrow. The arrow barely misses Terence.
Terence closely misses you.
Fire: a) +0 shortbow
Press: ? - help, Q - select action, (/) - cycle Shift-Dir - straight line, f/p - Terence
Aim: Terence, wielding a +0 falchion and wearing a +0 chain mail (heavily wounded, 70% to hit)
You shoot an arrow. The arrow hits Terence.
Terence is heavily wounded.
Terence barely misses you. Terence closely misses you.
Fire: a) +0 shortbow
Press: ? - help, Q - select action, (/) - cycle Shift-Dir - straight line, f/p - Terence
Aim: Terence, wielding a +0 falchion and wearing a +0 chain mail (heavily wounded, 70% to hit)
You shoot an arrow. The arrow barely misses Terence.
Terence hits you with a +0 falchion.
* * * LOW HITPOINT WARNING * * *
Fire: a) +0 shortbow
Press: ? - help, Q - select action, (/) - cycle Shift-Dir - straight line, f/p - Terence
Aim: Terence, wielding a +0 falchion and wearing a +0 chain mail (heavily wounded, 70% to hit)
You shoot an arrow.
The arrow hits Terence but does no damage.
Terence is heavily wounded.
Terence closely misses you. Terence misses you.
Fire: a) +0 shortbow
Press: ? - help, Q - select action, (/) - cycle Shift-Dir - straight line, f/p - Terence
Aim: Terence, wielding a +0 falchion and wearing a +0 chain mail (heavily wounded, 70% to hit)
You shoot an arrow.
The arrow hits Terence but does no damage.
Terence is heavily wounded.
Terence closely misses you.
Fire: a) +0 shortbow
Press: ? - help, Q - select action, (/) - cycle Shift-Dir - straight line, f/p - Terence
Aim: Terence, wielding a +0 falchion and wearing a +0 chain mail (heavily wounded, 70% to hit)
You shoot an arrow. The arrow barely misses Terence.
Terence hits you with a +0 falchion!
You die...

......#######.......#.#
......... #.......#.#
......... #.......+.#
......... ##.......###
......<..
#........#####
####+#...
#....#.......# ...
#....#.......#
#....#.......#
#...@@.......#
........#.......#
....#...#......... ..
.....#......###.
.......#......#
..##....#......# $
.....##+##### ......
.......


You could see Terence.

Vanquished Creatures
  An adder (D:2)
  A dart slug (D:1)
  3 ball pythons (D:1)
  4 giant cockroaches
  3 goblins
  6 hobgoblins
  3 jackals (D:1)
  2 kobolds (D:1)
  2 frilled lizards (D:1)
  3 rats
28 creatures vanquished.

Notes
Turn   | Place    | Note
-------+----------+-------------------------------------------
     0 | D:1      | fleeber the Barachi Hunter began the quest for the Orb.
     0 | D:1      | Reached XP level 1. HP: 17/17 MP: 1/1
    89 | D:1      | Reached skill level 1 in Stealth
   135 | D:1      | Reached XP level 2. HP: 23/23 MP: 2/2
   570 | D:1      | Reached XP level 3. HP: 28/28 MP: 3/3
   980 | D:2      | Noticed Terence
   994 | D:2      | Slain by Terence

Illustrated notes

Levels and vault maps discovered:
D:1:      amcnicky_arrival_flooded_fountain, layout_rooms
D:2:      layout_basic, uniq_terence

Skill      XL: |  1 |
---------------+----+-----
Stealth        | 1 |  1.5
Fighting       | |  2.9
Ranged Weapons | |  4.5
Dodging        | |  2.6

Action                   || total
-------------------------++-------
 Fire: Shortbow          ||    86
Armor: Leather armour    ||     6
Dodge: Dodged            ||    26
